% Time on Ice - NORTH DAKOTA HAWKS
Lines # - Real PCT - Wanted PCT - Time Play
Normal Forward
1 - 28% - 28% - 9:43
2 - 28% - 28% - 9:40
3 - 23% - 24% - 7:47
4 - 21% - 20% - 7:10
Normal Defense
1 - 37% - 35% - 12:40
2 - 36% - 35% - 12:14
3 - 24% - 18% - 8:14
4 - 3% - 12% - 1:12
PP Forward
1 - 51% - 50% - 8:10
2 - 49% - 50% - 7:42
PP Defense
1 - 56% - 50% - 8:50
2 - 44% - 50% - 7:02
PK Forward
1 - 50% - 50% - 3:09
2 - 50% - 50% - 3:11
PK Defense
1 - 52% - 50% - 3:16
2 - 48% - 50% - 3:04
PK3 Forward
1 - 42% - 50% - 0:37
2 - 58% - 50% - 0:52
PK3 Defense
1 - 29% - 50% - 0:26
2 - 71% - 50% - 1:03
44 Forward
1 - 56% - 50% - 1:07
2 - 44% - 50% - 0:52
44 Defense
1 - 44% - 50% - 0:52
2 - 56% - 50% - 1:07
Last Minute Offensive  - 0:00
Last Minute Defensive  - 0:00
Total
Forward - 60:00
Defense - 60:00
% Time on Ice - KELOWNA ROCKETS
Lines # - Real PCT - Wanted PCT - Time Play
Normal Forward
1 - 32% - 36% - 10:54
2 - 30% - 33% - 10:12
3 - 26% - 30% - 8:56
4 - 13% - 1% - 4:18
Normal Defense
1 - 35% - 33% - 12:11
2 - 32% - 32% - 11:06
3 - 26% - 25% - 9:05
4 - 6% - 10% - 1:58
PP Forward
1 - 56% - 55% - 4:22
2 - 44% - 45% - 3:27
PP Defense
1 - 48% - 55% - 3:43
2 - 52% - 45% - 4:06
PK Forward
1 - 57% - 55% - 9:03
2 - 43% - 45% - 6:49
PK Defense
1 - 51% - 55% - 8:04
2 - 49% - 45% - 7:48
PK3 Forward
1 - 0% - 55%
2 - 0% - 45%
PK3 Defense
1 - 0% - 55%
2 - 0% - 45%
44 Forward
1 - 67% - 55% - 1:20
2 - 33% - 45% - 0:39
44 Defense
1 - 50% - 55% - 0:59
2 - 50% - 45% - 1:00
Last Minute Offensive  - 0:00
Last Minute Defensive  - 0:00
Total
Forward - 60:00
Defense - 60:00
Play-by-Play 1st period 0:01 of 1st period - Nick Suzuki wins face-off versus Auston Matthews in neutral zone. 0:03 of 1st period - Off-side. 0:04 of 1st period - Anthony Cirelli wins face-off versus Frank Vatrano in neutral zone. 0:08 of 1st period - Off-side. 0:09 of 1st period - Craig Smith wins face-off versus Evgeny Kuznetsov in neutral zone. 0:09 of 1st period - Dillon Dube is hit by Vladimir Tarasenko and loses puck. 0:16 of 1st period - Shot by Ilya Kovalchuk. 0:16 of 1st period - Stopped by Henrik Lundqvist without a rebound. 0:17 of 1st period - Cody Eakin wins face-off versus Auston Matthews in NORTH DAKOTA HAWKS zone. 0:56 of 1st period - Shot by Jordan Eberle. 0:56 of 1st period - Shot Blocked by Ryan Lindgren. 1:00 of 1st period - Shot by Alexander Ovechkin. 1:00 of 1st period - Stopped by Henrik Lundqvist without a rebound. 1:01 of 1st period - Anthony Cirelli wins face-off versus Nick Suzuki in NORTH DAKOTA HAWKS zone. 1:02 of 1st period - Shot by Pavel Buchnevich. 1:02 of 1st period - Stopped by Henrik Lundqvist without a rebound. 1:03 of 1st period - Anthony Cirelli wins face-off versus Nic Dowd in NORTH DAKOTA HAWKS zone. 1:18 of 1st period - Shot by Pavel Buchnevich. 1:18 of 1st period - Stopped by Henrik Lundqvist without a rebound. 1:19 of 1st period - Evgeny Kuznetsov wins face-off versus Nick Suzuki in NORTH DAKOTA HAWKS zone. 2:28 of 1st period - Shot by Brandon Sutter. 2:28 of 1st period - Stopped by Tuukka Rask without a rebound. 2:29 of 1st period - Anthony Cirelli wins face-off versus Nic Dowd in KELOWNA ROCKETS zone. 3:18 of 1st period - Icing by Anthony Cirelli. 3:19 of 1st period - Brandon Sutter wins face-off versus Anthony Cirelli in KELOWNA ROCKETS zone. 3:22 of 1st period - Minor Penalty to Kristopher Letang for Hooking. 3:23 of 1st period - Auston Matthews wins face-off versus Nick Suzuki in KELOWNA ROCKETS zone. 4:05 of 1st period - Shot by Alex Killorn. 4:05 of 1st period - Shot Blocked by Niklas Hjalmarsson. 4:36 of 1st period - Shot by Craig Smith. 4:36 of 1st period - Stopped by Tuukka Rask without a rebound. 4:37 of 1st period - Ryan Carpenter wins face-off versus Auston Matthews in KELOWNA ROCKETS zone. 4:40 of 1st period - Shot by Quinton Hughes. 4:40 of 1st period - Stopped by Tuukka Rask without a rebound. 4:41 of 1st period - Auston Matthews wins face-off versus Ryan Carpenter in KELOWNA ROCKETS zone. 4:47 of 1st period - Icing by Quinton Hughes. 4:48 of 1st period - Auston Matthews wins face-off versus Ryan Carpenter in NORTH DAKOTA HAWKS zone. 5:07 of 1st period - Shot by Frank Vatrano. 5:07 of 1st period - Deflect By Zack Kassian. 5:07 of 1st period - Stopped by Tuukka Rask with a rebound. 5:15 of 1st period - Shot by Quinton Hughes. 5:15 of 1st period - Shot Misses the Net. 5:19 of 1st period - Shot by Ryan Carpenter. 5:19 of 1st period - Shot Blocked by Niklas Hjalmarsson. 5:32 of 1st period - Icing by Dmitri Orlov. 5:33 of 1st period - Auston Matthews wins face-off versus Nick Suzuki in KELOWNA ROCKETS zone. 5:58 of 1st period - Shot by Alexander Ovechkin. 5:58 of 1st period - Shot Misses the Net. 6:00 of 1st period - Shot by Auston Matthews. 6:00 of 1st period - Shot Misses the Net. 6:10 of 1st period - Shot by Jordan Eberle. 6:10 of 1st period - Deflect By Auston Matthews. 6:10 of 1st period - Shot Misses the Net. 7:02 of 1st period - Shot by Dougie Hamilton. 7:02 of 1st period - Stopped by Tuukka Rask without a rebound. 7:03 of 1st period - Brandon Sutter wins face-off versus Evgeny Kuznetsov in KELOWNA ROCKETS zone. 7:12 of 1st period - Shot by Craig Smith. 7:12 of 1st period - Deflect By Brandon Sutter. 7:12 of 1st period - Stopped by Tuukka Rask without a rebound. 7:13 of 1st period - Cody Eakin wins face-off versus Evgeny Kuznetsov in KELOWNA ROCKETS zone. 7:13 of 1st period - Dougie Hamilton is hit by Adam Fox and loses puck. 7:17 of 1st period - Icing by Adam Fox. 7:18 of 1st period - Evgeny Kuznetsov wins face-off versus Brandon Sutter in KELOWNA ROCKETS zone. 7:52 of 1st period - Shot by Evgeny Kuznetsov. 7:52 of 1st period - Shot Misses the Net. 8:06 of 1st period - Off-side. 8:07 of 1st period - Cody Eakin wins face-off versus Auston Matthews in neutral zone. 8:13 of 1st period - Minor Penalty to Alexander Ovechkin for Hooking. 8:13 of 1st period - Minor Penalty to Ryan Carpenter for Slashing. 8:14 of 1st period - Nick Suzuki wins face-off versus Jordan Eberle in neutral zone. 8:33 of 1st period - Shot by Alex Killorn. 8:33 of 1st period - Stopped by Tuukka Rask without a rebound. 8:34 of 1st period - Brandon Sutter wins face-off versus Auston Matthews in KELOWNA ROCKETS zone. 9:41 of 1st period - Shot by Evgeny Kuznetsov. 9:41 of 1st period - Stopped by Henrik Lundqvist without a rebound. 9:42 of 1st period - Nick Suzuki wins face-off versus Evgeny Kuznetsov in NORTH DAKOTA HAWKS zone. 9:55 of 1st period - Nick Suzuki is hit by Mark Giordano and loses puck. 10:04 of 1st period - Shot by Alex Killorn. 10:04 of 1st period - Shot Misses the Net. 10:10 of 1st period - Shot by Alex Killorn. 10:10 of 1st period - Shot Blocked by Dmitri Orlov. 10:12 of 1st period - Shot by Alex Killorn. 10:12 of 1st period - Stopped by Tuukka Rask without a rebound. 10:13 of 1st period - Cody Eakin wins face-off versus Vladislav Kamenev in KELOWNA ROCKETS zone. 10:18 of 1st period - Shot by Ryan Carpenter. 10:18 of 1st period - Shot Misses the Net. 10:24 of 1st period - Scott Wilson is hit by Ryan Carpenter and loses puck. 10:54 of 1st period - Minor Penalty to Anthony Cirelli for Roughing. 10:55 of 1st period - Auston Matthews wins face-off versus Nick Suzuki in KELOWNA ROCKETS zone. 11:21 of 1st period - Shot by Dougie Hamilton. 11:21 of 1st period - Shot Blocked by Jordan Eberle. 11:23 of 1st period - Shot by Nick Suzuki. 11:23 of 1st period - Stopped by Tuukka Rask without a rebound. 11:24 of 1st period - Ryan Carpenter wins face-off versus Tyler Bertuzzi in KELOWNA ROCKETS zone. 11:46 of 1st period - Icing by Zack Kassian. 11:47 of 1st period - Auston Matthews wins face-off versus Ryan Carpenter in NORTH DAKOTA HAWKS zone. 12:02 of 1st period - Quinton Hughes is hit by Tyler Bertuzzi and loses puck. 12:13 of 1st period - Shot by Craig Smith. 12:13 of 1st period - Shot Blocked by Jonas Siegenthaler. 12:23 of 1st period - Shot by Dougie Hamilton. 12:23 of 1st period - Stopped by Tuukka Rask without a rebound. 12:24 of 1st period - Nick Suzuki wins face-off versus Auston Matthews in KELOWNA ROCKETS zone. 12:30 of 1st period - Shot by Alex Killorn. 12:30 of 1st period - Shot Blocked by Kristopher Letang. 13:17 of 1st period - Shot by Ilya Kovalchuk. 13:17 of 1st period - Stopped by Henrik Lundqvist without a rebound. 13:18 of 1st period - Anthony Cirelli wins face-off versus Nic Dowd in NORTH DAKOTA HAWKS zone. 13:29 of 1st period - Shot by Tyler Bertuzzi. 13:29 of 1st period - Shot Blocked by Ryan Lindgren. 13:31 of 1st period - Shot by Jonas Siegenthaler. 13:31 of 1st period - Stopped by Henrik Lundqvist with a rebound. 13:50 of 1st period - Shot by Tyler Bertuzzi. 13:50 of 1st period - Shot Blocked by Martin Marincin. 14:05 of 1st period - Icing by Pavel Buchnevich. 14:06 of 1st period - Anthony Cirelli wins face-off versus Brandon Sutter in KELOWNA ROCKETS zone. 14:06 of 1st period - Anthony Cirelli is hit by Brandon Sutter. 14:57 of 1st period - Johnny Boychuk is hit by Alexander Ovechkin and loses puck. 16:17 of 1st period - Icing by Cody Eakin. 16:18 of 1st period - Cody Eakin wins face-off versus Vladislav Kamenev in NORTH DAKOTA HAWKS zone. 17:04 of 1st period - Dougie Hamilton is hit by Jordan Eberle. 18:20 of 1st period - Shot by Tyler Bertuzzi. 18:20 of 1st period - Stopped by Henrik Lundqvist without a rebound. 18:21 of 1st period - Luke Kunin wins face-off versus Evgeny Kuznetsov in NORTH DAKOTA HAWKS zone. 18:51 of 1st period - Shot by Ilya Kovalchuk. 18:51 of 1st period - Shot Misses the Net. 19:01 of 1st period - Shot by Alex Killorn. 19:01 of 1st period - Goal by Alex Killorn - NORTH DAKOTA HAWKS : 1 - KELOWNA ROCKETS : 0. 19:02 of 1st period - Nic Dowd wins face-off versus Auston Matthews in neutral zone. 19:07 of 1st period - Shot by Zack Kassian. 19:07 of 1st period - Stopped by Tuukka Rask with a rebound. 19:09 of 1st period - Shot by Nic Dowd. 19:09 of 1st period - Deflect By Frank Vatrano. 19:09 of 1st period - Stopped by Tuukka Rask without a rebound. 19:10 of 1st period - Nic Dowd wins face-off versus Jordan Eberle in KELOWNA ROCKETS zone. 19:21 of 1st period - Shot by Jordan Eberle. 19:21 of 1st period - Shot Misses the Net. 19:24 of 1st period - Icing by Dougie Hamilton. 19:25 of 1st period - Anthony Cirelli wins face-off versus Nic Dowd in NORTH DAKOTA HAWKS zone. 19:53 of 1st period - Shot by Pavel Buchnevich. 19:53 of 1st period - Stopped by Henrik Lundqvist without a rebound. 19:54 of 1st period - Auston Matthews wins face-off versus Nick Suzuki in NORTH DAKOTA HAWKS zone. Goals for this period are 1 for NORTH DAKOTA HAWKS vs 0 for KELOWNA ROCKETS. Shots for this period are 13 for NORTH DAKOTA HAWKS vs 9 for KELOWNA ROCKETS. 2nd period 0:01 of 2nd period - Auston Matthews wins face-off versus Nick Suzuki in neutral zone. 0:08 of 2nd period - Shot by Alexander Ovechkin. 0:08 of 2nd period - Stopped by Henrik Lundqvist with a rebound. 0:20 of 2nd period - Shot by Auston Matthews. 0:20 of 2nd period - Shot Misses the Net. 1:05 of 2nd period - Minor Penalty to Niklas Hjalmarsson for High sticking. 1:06 of 2nd period - Anthony Cirelli wins face-off versus Ryan Carpenter in KELOWNA ROCKETS zone. 1:06 of 2nd period - Anthony Cirelli is hit by Zack Kassian. 1:12 of 2nd period - Dougie Hamilton is hit by Anthony Cirelli and loses puck. 1:29 of 2nd period - Dougie Hamilton is hit by Pavel Buchnevich and loses puck. 1:41 of 2nd period - Shot by Brandon Sutter. 1:41 of 2nd period - Shot Blocked by Mark Giordano. 2:23 of 2nd period - Shot by Alex Killorn. 2:23 of 2nd period - Shot Blocked by Adam Fox. 2:25 of 2nd period - Shot by Craig Smith. 2:25 of 2nd period - Stopped by Tuukka Rask without a rebound. 2:26 of 2nd period - Ryan Carpenter wins face-off versus Anthony Cirelli in KELOWNA ROCKETS zone. 3:18 of 2nd period - Ilya Kovalchuk is hit by Johnny Boychuk and loses puck. 3:31 of 2nd period - Shot by Evgeny Kuznetsov. 3:31 of 2nd period - Stopped by Henrik Lundqvist without a rebound. 3:32 of 2nd period - Anthony Cirelli wins face-off versus Brandon Sutter in NORTH DAKOTA HAWKS zone. 3:46 of 2nd period - Icing by Ryan Lindgren. 3:47 of 2nd period - Evgeny Kuznetsov wins face-off versus Brandon Sutter in NORTH DAKOTA HAWKS zone. 3:54 of 2nd period - Shot by Ilya Kovalchuk. 3:54 of 2nd period - Goal by Ilya Kovalchuk - NORTH DAKOTA HAWKS : 1 - KELOWNA ROCKETS : 1. 3:55 of 2nd period - Cody Eakin wins face-off versus Alexander Ovechkin in neutral zone. 4:04 of 2nd period - Shot by Cody Eakin. 4:04 of 2nd period - Stopped by Tuukka Rask without a rebound. 4:05 of 2nd period - Auston Matthews wins face-off versus Frank Vatrano in KELOWNA ROCKETS zone. 4:14 of 2nd period - Shot by Auston Matthews. 4:14 of 2nd period - Stopped by Henrik Lundqvist without a rebound. 4:15 of 2nd period - Cody Eakin wins face-off versus Anthony Cirelli in NORTH DAKOTA HAWKS zone. 4:40 of 2nd period - Tyler Bertuzzi is hit by Dougie Hamilton and loses puck. 5:13 of 2nd period - Icing by Pavel Buchnevich. 5:14 of 2nd period - Anthony Cirelli wins face-off versus Brandon Sutter in KELOWNA ROCKETS zone. 5:47 of 2nd period - Shot by Auston Matthews. 5:47 of 2nd period - Goal by Auston Matthews - NORTH DAKOTA HAWKS : 1 - KELOWNA ROCKETS : 2. 5:48 of 2nd period - Nic Dowd wins face-off versus Evgeny Kuznetsov in neutral zone. 6:01 of 2nd period - Minor Penalty to Mark Giordano for Diving. 6:02 of 2nd period - Nick Suzuki wins face-off versus Auston Matthews in KELOWNA ROCKETS zone. 6:16 of 2nd period - Shot by Alex Killorn. 6:16 of 2nd period - Stopped by Tuukka Rask with a rebound. 7:12 of 2nd period - Shot by Craig Smith. 7:12 of 2nd period - Stopped by Tuukka Rask without a rebound. 7:13 of 2nd period - Ryan Carpenter wins face-off versus Anthony Cirelli in KELOWNA ROCKETS zone. 7:16 of 2nd period - Shot by Zack Kassian. 7:16 of 2nd period - Stopped by Tuukka Rask without a rebound. 7:17 of 2nd period - Auston Matthews wins face-off versus Ryan Carpenter in KELOWNA ROCKETS zone. 7:35 of 2nd period - Shot by Craig Smith. 7:35 of 2nd period - Shot Misses the Net. 8:10 of 2nd period - Icing by Dmitri Orlov. 8:11 of 2nd period - Evgeny Kuznetsov wins face-off versus Cody Eakin in KELOWNA ROCKETS zone. 8:18 of 2nd period - Shot by Evgeny Kuznetsov. 8:18 of 2nd period - Stopped by Henrik Lundqvist without a rebound. 8:19 of 2nd period - Auston Matthews wins face-off versus Nick Suzuki in NORTH DAKOTA HAWKS zone. 8:21 of 2nd period - Minor Penalty to Alexander Ovechkin for Cross-checking. 8:22 of 2nd period - Nick Suzuki wins face-off versus Auston Matthews in KELOWNA ROCKETS zone. 8:41 of 2nd period - Shot by Alex Killorn. 8:41 of 2nd period - Shot Blocked by Adam Fox. 9:22 of 2nd period - Shot by Quinton Hughes. 9:22 of 2nd period - Stopped by Tuukka Rask without a rebound. 9:23 of 2nd period - Anthony Cirelli wins face-off versus Ryan Carpenter in KELOWNA ROCKETS zone. 9:23 of 2nd period - Anthony Cirelli is hit by Zack Kassian. 9:43 of 2nd period - Jordan Eberle is hit by Zack Kassian and loses puck. 10:30 of 2nd period - Shot by Vladimir Tarasenko. 10:30 of 2nd period - Shot Misses the Net. 10:32 of 2nd period - Shot by Dmitri Orlov. 10:32 of 2nd period - Stopped by Henrik Lundqvist without a rebound. 10:33 of 2nd period - Cody Eakin wins face-off versus Joakim Nordstrom in NORTH DAKOTA HAWKS zone. 10:33 of 2nd period - Cody Eakin is hit by Vladislav Kamenev. 10:52 of 2nd period - Minor Penalty to Matthew Nieto for Hooking. 10:53 of 2nd period - Evgeny Kuznetsov wins face-off versus Brandon Sutter in NORTH DAKOTA HAWKS zone. 10:58 of 2nd period - Shot by Alexander Ovechkin. 10:58 of 2nd period - Shot Misses the Net. 11:00 of 2nd period - Shot by Kristopher Letang. 11:00 of 2nd period - Deflect By Evgeny Kuznetsov. 11:00 of 2nd period - Shot Blocked by Marc Staal. 11:02 of 2nd period - Shot by Kristopher Letang. 11:02 of 2nd period - Shot Misses the Net. 11:04 of 2nd period - Sho